 Dungeon Crawl Stone Soup version 0.18-a0-1426-g3b9a63c (webtiles) character file.

61 namelastname112 the Insei (level 3, 0/31 HPs)
             Began as a Draconian Monk on Feb 27, 2016.
             Slain by a gnoll
             ... wielding a +0 spear
              (5 damage)
             ... on level 2 of the Dungeon.
             The game lasted 00:01:22 (1317 turns).

namelastname112 the Insei (Draconian Monk)          Turns: 1317, Time: 00:01:22

Health: 0/31       AC:  5    Str: 13    XL:     3   Next: 83%
Magic:  3/3        EV:  8    Int: 10    God:
Gold:   50         SH:  0    Dex: 14    Spells: 0 memorised, 2 levels left

rFire  . . .     SeeInvis .       - Unarmed
rCold  . . .     Gourm    .     (armour unavailable)
rNeg   . . .     Faith    .     (no shield)
rPois  .         Spirit   .     (helmet restricted)
rElec  .         Dismiss  .     (no cloak)
rCorr  .         Reflect  .     (no gloves)
SustAt .         Harm     .     (no boots)
MR     .....                    (no amulet)
Stlth  ++........               (no ring)
                                (no ring)

@: not resistant to hostile enchantments, unstealthy
A: unfitting armour, cold-blooded, AC +5
a: no special abilities


You were on level 2 of the Dungeon.
You were not hungry.

You visited 1 branch of the dungeon, and saw 2 of its levels.

You collected 50 gold pieces.

Inventory:

Armour
 b - a +0 buckler
Scrolls
 c - a scroll of enchant armour {unknown}
 f - 2 scrolls of identify {unknown}
 h - a scroll of fear {unknown}
 i - 2 scrolls of remove curse {unknown}
 j - a scroll of teleportation {unknown}
Potions
 e - a potion of curing {unknown}
 g - a potion of haste {unknown}
Comestibles
 a - 2 bread rations
 d - a meat ration
 k - a chunk of flesh


   Skills:
 - Level 3.2 Fighting
 - Level 2.6 Dodging
 - Level 1.7 Stealth
 + Level 5.5 Unarmed Combat


You had 2 spell levels left.
You didn't know any spells.

Dungeon Overview and Level Annotations

Branches:
Dungeon (2/15)

Altars:


Innate Abilities, Weirdness & Mutations

Your plain brown scales are hard (AC +5).
Your body does not fit into most forms of armour.
You are cold-blooded and may be slowed by cold attacks.


Message History

The ball python bites you but does no damage.
The ball python grabs you. The ball python constricts you.
The gnoll hits you from afar with a spear.
Your attempt to break free from the ball python fails, but you feel that another attempt might succeed.
The gnoll completely misses you. The ball python closely misses you.
The ball python constricts you. The gnoll barely misses you.
You escape the ball python's grasp.
The ball python closely misses you. The ball python misses you.
You hit the ball python.
You kill the ball python!
There is a stone staircase leading up here.
Found 7 gold pieces.
The gnoll closely misses you.
There is a stone staircase leading up here.
The gnoll hits you with a spear. The gnoll hits you with a spear!
There is a stone staircase leading up, spattered with blood here.
The gnoll hits you with a spear!
* * * LOW HITPOINT WARNING * * *
The gnoll hits you with a spear.
You die...

# #.##.##..##...# #...#
...##..........###g..#
#.#...............#...##
#
#.#..##.........#....##
..........<.##.<...#[.#
.#.####......#.........#
#. #....g......÷.....##
.
....#gg......÷.........
.####.@........÷.......
. #....#######..###..
.$........# ##.# ..
...######.# ... . . ....
#### .(... ....# ####


You could see 3 gnolls.

Vanquished Creatures
  2 adders (D:2)
  A gnoll (D:1)
  A dart slug (D:1)
  A giant gecko (D:2)
  A giant cockroach (D:1)
  3 goblins
  4 hobgoblins
  2 jackals (D:2)
  2 ball pythons (D:2)
  4 bats (D:1)
  A giant newt (D:1)
  3 kobolds
  5 rats
30 creatures vanquished.

Notes
Turn   | Place    | Note
--------------------------------------------------------------
     0 | D:1      | namelastname112 the Draconian Monk began the quest for the Orb.
     0 | D:1      | Reached XP level 1. HP: 19/19 MP: 1/1
   213 | D:1      | Reached XP level 2. HP: 26/26 MP: 2/2
   698 | D:1      | Reached skill level 5 in Unarmed Combat
   698 | D:1      | Reached XP level 3. HP: 26/31 MP: 3/3
  1317 | D:2      | Slain by a gnoll

Vault maps used:
D:1:      eino_arrival_tree_alley, grunt_decor_resistance
D:2:      lemuel_coloured_pillars_altar, yredelemnul_altar_generic

Skill      XL: |  1  2 |
---------------+-------+-----
Unarmed Combat | 5 |  5.5
Fighting       | |  3.2
Dodging        | |  2.6
Stealth        | |  1.7

Action                   || total
-------------------------++-------
Melee: Unarmed           ||    99
 Stab: Sleeping          ||     2
  Eat: Chunk             ||     1
